 Dungeon Crawl Stone Soup version 0.24-a0-769-g368c164 (webtiles) character file.

Game seed: 16377905608495057268, levelgen mode: deterministic

30 2tousent the Ruffian (level 3, -2/28 HPs)
             Began as a Draconian Transmuter on Oct 4, 2019.
             Slain by a jackal (3 damage)
             ... on level 1 of the Dungeon.
             The game lasted 00:01:54 (494 turns).

2tousent the Ruffian (Draconian Transmuter)          Turns: 494, Time: 00:01:54

Health: -2/28      AC:  5    Str: 13    XL:     3   Next: 5%
Magic:  5/6        EV: 12    Int: 13    God:
Gold:   32         SH:  0    Dex: 11    Spells: 5/6 levels left

rFire    . . .     SeeInvis .     - Unarmed
rCold    . . .     Gourm    .   (no shield)
rNeg     . . .     Faith    .   (armour unavailable)
rPois    .         Spirit   .   (helmet restricted)
rElec    .         Reflect  .   (no cloak)
rCorr    .         Harm     .   (no gloves)
MR       .....                  (no boots)
Stlth    +.........             (no amulet)
HPRegen  0.09/turn              (no ring)
MPRegen  0.10/turn              (no ring)

@: appendage
A: unfitting armour, horns 2, cold-blooded, AC +5
a: End Transformation


You were on level 1 of the Dungeon.
You were not hungry.
You had grown temporary horns.
You visited 1 branch of the dungeon, and saw 1 of its levels.

You collected 32 gold pieces.

Inventory:

Missiles
 a - 12 arrows
Jewellery
 b - an uncursed ring of flight {unknown}
Potions
 d - a potion of brilliance {unknown}
Comestibles
 c - 3 rations
 f - 4 chunks of flesh


   Skills:
 - Level 1.1 Fighting
 - Level 1.7 Dodging
 * Level 3.5 Unarmed Combat
 + Level 2.2 Spellcasting
 * Level 2.7 Transmutations


You had 5 spell levels left.
You knew the following spells:

 Your Spells              Type           Power        Failure   Level  Hunger
a - Beastly Appendage     Tmut           #.....       9%          1    ##.....

Your spell library contained the following spells:

 Spells                   Type           Power        Failure   Level  Hunger
 Sticks to Snakes         Tmut           #.......     12%         2    ###....
 Spider Form              Tmut/Pois      #.........   38%         3    ####...
 Ice Form                 Ice/Tmut       #.......     80%         4    #####..
 Blade Hands              Tmut           #.........   92%         5    ######.


Dungeon Overview and Level Annotations

Branches:
Dungeon (1/15)

Altars:


Innate Abilities, Weirdness & Mutations

Your plain brown scales are hard. (AC +5)
You cannot fit into any form of body armour.
You are cold-blooded and may be slowed by cold attacks.
You have a pair of horns on your head.


Message History

You hit the jackal.
The jackal is heavily wounded.
The jackal misses you.
You hit the jackal but do no damage. Your headbutt misses the jackal.
The jackal is heavily wounded.
The jackal misses you.
The jackal bites you but does no damage.
You hit the jackal but do no damage.
The jackal is heavily wounded.
The jackal bites you.
* * * LOW HITPOINT WARNING * * *
You completely miss the jackal.
The jackal is moderately wounded.
The jackal bites you.
* * * LOW HITPOINT WARNING * * *
You hit the jackal. Your headbutt misses the jackal.
The jackal is heavily wounded.
The jackal bites you but does no damage.
The jackal bites you.
You die... <'..'..# ##..#..# #.... #...#..# ##... ..8.#..# .[... ....#..# ##... .8.##... ..g. ...# ..## hl#

..## ..# #h# +## ##@###
...... .# #....#
......##.# #...)# #
.........#####....##.#
.......................
..........####.........
.......# #......... .#
#...# #......... .#
#..######.........


You could see 2 jackals, a hobgoblin and a frilled lizard.

Vanquished Creatures
  A dart slug (D:1)
  A leopard gecko (D:1)
  2 goblins (D:1)
  2 hobgoblins (D:1)
  5 jackals (D:1)
  5 bats (D:1)
  A frilled lizard (D:1)
  4 kobolds (D:1)
  6 rats (D:1)
27 creatures vanquished.

Notes
Turn   | Place    | Note
-------+----------+-------------------------------------------
     0 | D:1      | 2tousent the Draconian Transmuter began the quest for the
                  | Orb.
     0 | D:1      | Reached XP level 1. HP: 16/16 MP: 3/3
   350 | D:1      | Reached XP level 2. HP: 23/23 MP: 5/5
   475 | D:1      | Reached XP level 3. HP: 8/28 MP: 4/6
   493 | D:1      | HP: 1/28 [jackal (1)]
   494 | D:1      | Slain by a jackal

Levels and vault maps discovered:
D:1:      dpeg_arrival_refuge, layout_rooms

Action                   || total
-------------------------++-------
Melee: Unarmed           ||   110
       Headbutt          ||     5
       Tailslap          ||     1
       Punch             ||     2
 Cast: Beastly Appendage ||     4
Armor: Skin              ||    44
Dodge: Dodged            ||    84

Table legend:
 A = Non-vault XP
 B = Vault XP
 C = Vault XP percentage of total XP
 D = Non-vault monster count
 E = Vault monster count
 F = Vault count percentage of total count
                 A         B        C        D         E       F
            +---------+---------+-------+---------+---------+-------
      Total |      44 |       0 |   0.0 |      27 |       0 |   0.0
            +---------+---------+-------+---------+---------+-------
        D:1 |      44 |       0 |   0.0 |      27 |       0 |   0.0
            +---------+---------+-------+---------+---------+-------
